 Dungeon Crawl Stone Soup version 0.31.0-12-g77e489cdc1 (webtiles) character file.

Game seed: 6318160027374873387

210 PriceMaster the Digger (level 5, 0/32 HPs)
             Began as an Octopode Earth Elementalist on Feb 25, 2024.
             Was a Follower of Kikubaaqudgha.
             Slain by a sky beast (5 damage)
             ... on level 3 of the Dungeon.
             The game lasted 00:03:30 (1974 turns).

PriceMaster the Digger (OpEE)                       Turns: 1974, Time: 00:03:31

Health: 0/32       AC:  1    Str:  8    XL:     5   Next: 87%
Magic:  8/11       EV: 13    Int: 19    God:    Kikubaaqudgha [*.....]
Gold:   123        SH:  0    Dex: 12    Spells: 5/12 levels left

rFire   . . .        a - +0 scythe
rCold   . . .        (shield currently unavailable)
rNeg    . . .        (helmet restricted)
rPois   .            (no amulet)
rElec   .            (no ring)
rCorr   .            (no ring)
SInv    .            (no ring)
Will    .....        (no ring)
Stlth   +++          (no ring)
HPRegen 0.25/turn    (no ring)
MPRegen 0.12/turn    (no ring)
                     (no ring)

%: no passive effects
@: mighty, fugue
A: almost no armour, amphibious, 8 rings, camouflage 1, gelatinous body 1,
(nimble swimmer 1), tentacles
a: Renounce Religion, Unearth Wretches


You were on level 3 of the Dungeon.
You worshipped Kikubaaqudgha.
Kikubaaqudgha was aware of your devotion.
You visited 1 branch of the dungeon, and saw 3 of its levels.

You collected 123 gold pieces.

Inventory:

Hand Weapons
 a - a +0 scythe (weapon)
Jewellery
 j - a ring of resist corrosion
Wands
 i - a wand of charming (13)
Scrolls
 d - 2 scrolls of identify {unknown}
 g - a scroll of teleportation {unknown}
Potions
 c - a potion of heal wounds {unknown}
 e - a potion of mutation {unknown}
 f - a potion of haste {unknown}
 h - a potion of resistance {unknown}


   Skills:
 + Level 0.4 Fighting
 + Level 2.5 Dodging
 + Level 3.2 Stealth
 + Level 0.1 Unarmed Combat
 + Level 4.0 Spellcasting
 + Level 1.1 Conjurations
 + Level 4.3 Earth Magic


You had 5 spell levels left.
You knew the following spells:

 Your Spells              Type           Power      Damage    Failure   Level
a - Sandblast             Erth           40%        2d10      2%          1
b - Stone Arrow           Conj/Erth      28%        3d8       14%         3
c - Fugue of the Fallen   Necr           3%         N/A       38%         3

Your spell library contained the following spells:

 Spells                   Type           Power      Damage    Failure   Level
 Passwall                 Erth           20%        N/A       7%          3
 Kiss of Death            Conj/Necr      20%        2d7       11%         1
 Sting                    Conj/Alch      20%        1d4       11%         1
 Cigotuvi's Dreadful Rot  Necr/Alch/Air  6%         N/A       21%         2
 Mercury Vapours          Alch/Air       6%         N/A       21%         2
 Sublimation of Blood     Necr           3%         N/A       21%         2
 Brom's Barrelling Bould  Conj/Erth      14%        2d4       41%         4
 Petrify                  Alch/Erth      12%        N/A       50%         4
 Olgreb's Toxic Radiance  Alch           3%         N/A       80%         4


Dungeon Overview and Level Annotations

Branches:
Dungeon (3/15)

Altars:
Kikubaaqudgha


Innate Abilities, Weirdness & Mutations

You cannot wear most types of armour.
You are amphibious.
You can wear up to eight rings at the same time.
Your skin changes colour to match your surroundings (Stealth+).
Your rubbery body absorbs attacks. (AC +1, EV +1)
((You are camouflaged when in or above water. (Stealth+)))
You have tentacles for arms and can constrict up to eight enemies at once.


Message History

You kill the jackal!
Kikubaaqudgha accepts your kill.
A jackal comes into view.
The jackal moves out of view.
The jackal barks!
A sky beast comes into view.
Casting: Sandblast (safe; 2% risk of failure)
Confirm with . or Enter, or press ? or * to list all spells.
You don't know that spell.
Casting: Sandblast (safe; 2% risk of failure)
Confirm with . or Enter, or press ? or * to list all spells.
You call out to the remnants of the fallen!
You barely miss the jackal. You grab the jackal.
You constrict the jackal, but do no damage.
The jackal bites you. The jackal misses you.
You barely miss the jackal. You constrict the jackal.
You kill the jackal!
Kikubaaqudgha accepts your kill.
Casting: Fugue of the Fallen (quite dangerous; 38% risk of failure)
Confirm with . or Enter, or press ? or * to list all spells.
Aiming: Sandblast (safe; 2% risk of failure)
Press: ? - help, Shift-Dir - straight line, f - sky beast
Aim: a sky beast (76% to hit)
The blast of sand hits the sky beast but does no damage.
The sky beast barely misses you. The sky beast hits you.
The sky beast shocks you.
You miss the sky beast. You squeeze the sky beast.
The sky beast is lightly wounded.
The sky beast misses you.
You hit the sky beast but do no damage. Your squeeze misses the sky beast.
The sky beast is lightly wounded.
The sky beast hits you. The sky beast shocks you. The sky beast hits you.
The sky beast shocks you.
* * * LOW HITPOINT WARNING * * *
You feel very mighty all of a sudden. The sky beast hits you.
* * * LOW HITPOINT WARNING * * *
The sky beast shocks you.
You die...
Kikubaaqudgha rasps: "You have failed me!
Welcome... death!"

### ..# #)# ########
#######.###.#....#
..............##.##
.#.#.#.......##.@.#
...#.........#..Y..#
<######......#.....#
.# #......#.....# ##
#.#....##...##
#.##...#.....
#.###.##..... #.#
#.##.....# ..# #.#


You could see a sky beast.

Vanquished Creatures
  Sigmund (D:2)
  2 adders (D:2)
  A dart slug (D:1)
  An endoplasm (D:1)
  A giant cockroach (D:2)
  5 goblins
  4 hobgoblins
  6 jackals
  2 quokkas (D:1)
  2 ball pythons (D:1)
  4 bats
  2 frilled lizards (D:1)
  4 kobolds
  7 rats
42 creatures vanquished.

Notes
Turn   | Place    | Note
-------+----------+-------------------------------------------
     0 | D:1      | PriceMaster the Octopode Earth Elementalist began the quest
                  | for the Orb.
     0 | D:1      | Reached XP level 1. HP: 11/11 MP: 3/3
   176 | D:1      | Reached XP level 2. HP: 17/17 MP: 3/5
   628 | D:1      | Reached XP level 3. HP: 14/21 MP: 3/6
   632 | D:1      | Learned a level 3 spell: Stone Arrow
   941 | D:2      | Noticed Sigmund
   963 | D:2      | Killed Sigmund
   964 | D:2      | Reached XP level 4. HP: 21/27 MP: 0/9
   964 | D:2      | Reached XP level 5. HP: 25/32 MP: 0/10
  1198 | D:2      | Found a faded altar of an unknown god.
  1218 | D:2      | Prayed at the altar of an unknown god.
  1218 | D:2      | Became a worshipper of Kikubaaqudgha
  1218 | D:2      | Reached * piety under Kikubaaqudgha
  1218 | D:2      | Received a gift from Kikubaaqudgha
  1223 | D:2      | Learned a level 3 spell: Fugue of the Fallen
  1966 | D:3      | Noticed a sky beast
  1974 | D:3      | Slain by a sky beast

Illustrated notes

Levels and vault maps discovered:
D:1:      dpeg_arrival_erosion, layout_basic
D:2:      layout_basic, ebering_ecumenical_altar_mist, minmay_pentomino_q2,
          uniq_sigmund
D:3:      layout_loops_ring, slow_altar_2, okawaru_altar_gauntlet_db,
          marbit_many_paths

Skill      XL: |  1  2  3  4  5 |
---------------+----------------+-----
Stealth        | 3 |  3.2
Spellcasting   | 3 4 |  4.0
Earth Magic    | 4 |  4.3
Fighting       | |  0.4
Dodging        | |  2.5
Unarmed Combat | |  0.1
Conjurations   | |  1.1

Action                     |  1- 3 |  4- 6 || total
---------------------------+-------+-------++-------
  Melee: Unarmed           |     5 |       ||     5
         Tentacles         |     2 |     3 ||     5
         Constrict         |     1 |     4 ||     5
         Halberd           |       |    11 ||    11
   Cast: Sandblast         |    37 |    12 ||    49
         Stone Arrow       |     3 |       ||     3
         Fugue of the Fall |       |     2 ||     2
    Use: Potion            |     3 |     1 ||     4
   Stab: Sleeping          |       |     1 ||     1
 Armour: Skin              |    12 |     7 ||    19
  Dodge: Dodged            |    14 |    10 ||    24
